AoeStats
← TheJALH

Black Forest

506558950Analyzed
2v2 RM · 20d ago on Sep 14, 2026· 67m 32s· 4 players
Game mode
Random Map
Map size
Medium (4 player)
Population
200
Speed
Normal
Resources
Standard
Victory
Conquest
Starting age
Dark Age
Ending age
Imperial Age
RankedLock teamsTeams togetherTeam positionsShared explorationLock speedFull tech treeHidden civsTurbo modeCheats
Victory
Defeat
🇵🇪 Spanish · Peru
627
+10
🇵🇪 Bulgarians · Peru
552
+13
🇺🇸 Bohemians · United States
543
-14
🇨🇱 Persians · Chile
432
-9
LakeGale
0:27 Loom
14:38 Feudal Age
15:19 Double-Bit Axe
15:18 Horse Collar
16:15 Wheelbarrow
24:35 Castle Age
24:23 Scale Mail Armor
24:36 Forging
25:38 Bow Saw
25:35 Heavy Plow
25:55 Pikeman
31:44 Chemistry
31:33 Hand Cart
32:02 Town Watch
36:01 Imperial Age
34:31 Ballistics
34:51 Fortified Wall
35:11 Treadmill Crane
36:35 Padded Archer Armor
36:51 Chain Mail Armor
38:55 Masonry
38:57 Murder Holes
39:50 Conscription
41:20 Leather Archer Armor
42:58 Houfnice
43:51 Siege Engineers
47:19 Wagenburg Tactics
51:12 Two-Man Saw
51:04 Halberdier
59:57 Bombard Tower
61:46 Ring Archer Armor
61:47 Plate Mail Armor
x4L056
0:35 Loom
12:04 Feudal Age
13:38 Wheelbarrow
14:09 Horse Collar
16:37 Double-Bit Axe
20:37 Scale Barding Armor
20:33 Padded Archer Armor
20:24 Fletching
21:06 Gold Mining
27:20 Man-at-Arms
28:16 Forging
30:54 Castle Age
32:35 Husbandry
32:47 Bloodlines
32:57 Leather Archer Armor
32:37 Bodkin Arrow
33:03 Chain Barding Armor
33:14 Hand Cart
33:19 Stone Mining
38:30 Pikeman
41:15 Stone Shaft Mining
41:17 Gold Shaft Mining
45:18 Light Cavalry
54:32 Imperial Age
54:38 Elite War Elephant
55:27 Kamandaran
57:58 Plate Barding Armor
59:36 Bow Saw
62:55 Ring Archer Armor
63:20 Heavy Camel Rider
Dragonso :3
0:44 Loom
13:34 Feudal Age
18:12 Double-Bit Axe
18:18 Fishing Lines
19:19 Gold Mining
19:41 Stone Mining
20:10 Horse Collar
22:04 Wheelbarrow
26:01 Castle Age
26:13 Town Watch
27:13 Bow Saw
27:10 Heavy Plow
28:51 Hand Cart
29:42 Fletching
30:58 Stone Shaft Mining
31:34 Gillnets
33:13 Redemption
33:10 Caravan
34:27 Bodkin Arrow
34:57 Inquisition
35:53 Scale Barding Armor
38:22 Imperial Age
39:24 Town Patrol
40:31 Masonry
40:18 Murder Holes
40:35 Fortified Wall
41:26 Chemistry
40:12 Arrowslits
41:43 Two-Man Saw
44:05 Elite Conquistador
45:38 Bracer
46:00 Chain Barding Armor
45:42 Padded Archer Armor
48:36 Block Printing
48:18 Herbal Medicine
52:51 Husbandry
53:02 Bloodlines
53:36 Architecture
55:54 Plate Barding Armor
55:35 Leather Archer Armor
57:48 Cavalier
58:45 Guilds
60:48 Ballistics
60:19 Guard Tower
62:22 Paladin
TheJALH
11:52 Feudal Age
12:20 Double-Bit Axe
16:51 Bloodlines
16:54 Scale Barding Armor
17:59 Horse Collar
18:16 Gold Mining
20:49 Fletching
23:16 Padded Archer Armor
26:20 Castle Age
25:26 Stone Mining
27:20 Wheelbarrow
27:43 Bow Saw
27:33 Bodkin Arrow
28:48 Loom
29:35 Thumb Ring
30:28 Heavy Plow
31:16 Light Cavalry
32:08 Husbandry
35:12 Stone Shaft Mining
36:07 Gold Shaft Mining
37:53 Town Watch
38:25 Hand Cart
40:19 Stirrups
40:58 Leather Archer Armor
43:14 Chain Barding Armor
46:28 Imperial Age
49:20 Parthian Tactics
49:02 Bracer
51:08 Crop Rotation
53:55 Onager
55:45 Elite Konnik
56:19 Heavy Cavalry Archer
65:14 Plate Barding Armor
64:51 Forging
64:43 Scale Mail Armor
Connection lost

Rejoining the realm…

Still unreachable

The connection could not be restored.

Session expired

The server has moved on; the page needs a fresh start.